 Dungeon Crawl Stone Soup version 0.26.0-16-gc1dbca0489 (webtiles) character file.

Game seed: 15163934456313611688

406 112233 the Charlatan (level 6, -8/42 HPs)
             Began as an Octopode Artificer on Jan 19, 2021.
             Mangled by a phantom (10 damage)
             ... on level 4 of the Dungeon.
             The game lasted 00:04:48 (3770 turns).

112233 the Charlatan (Octopode Artificer)           Turns: 3770, Time: 00:04:49

Health: -8/42      AC:  1    Str: 14    XL:     6   Next: 87%
Magic:  6/6        EV: 15    Int: 13    God:
Gold:   220        SH:  0    Dex: 12    Spells: 5/5 levels left

rFire    . . .     SeeInvis .   y - +2 spear (flame)
rCold    . . .     Faith    .   (no shield)
rNeg     . . .     Spirit   .   (helmet restricted)
rPois    .         Reflect  .   (no amulet)
rElec    .         Harm     .   w - ring of willpower
rCorr    +         Rampage  .   A - ring of resist corrosion
Will     +....                  (no ring)
Stlth    ++++......             (no ring)
HPRegen  0.14/turn              (no ring)
MPRegen  0.10/turn              (no ring)
                                (no ring)
                                (no ring)

@: no status effects
A: almost no armour, stealthy swim, amphibious, 8 rings, constrict 8, camouflage
1, gelatinous body 1
a: no special abilities


You were on level 4 of the Dungeon.
You visited 1 branch of the dungeon, and saw 5 of its levels.

You collected 220 gold pieces.

Inventory:

Hand Weapons
 a - a +0 club
 f - a +0 short sword
 j - a +1 dagger of venom
 y - a +2 spear of flaming (weapon)
Armour
 g - a +2 tower shield
Jewellery
 w - a ring of willpower (left tentacle)
 A - a ring of resist corrosion (right tentacle)
Wands
 b - a wand of flame (2) (quivered)
 c - a wand of enslavement (15)
 d - a wand of random effects (15)
Scrolls
 h - a scroll of identify {@r1}
 i - a scroll of fog
 k - 2 scrolls of remove curse {@r2}
 l - a scroll of fear {unknown}
 o - a scroll of immolation {unknown}
 r - 2 scrolls of teleportation {unknown}
 t - a scroll of blinking {unknown}
 z - a scroll of magic mapping {unknown}
Potions
 e - 2 potions of heal wounds
 m - 2 potions of lignification
 n - a potion of flight {unknown}
 p - 2 potions of curing {unknown}
 q - a potion of invisibility {unknown}
 s - a potion of might {unknown}
 u - 2 potions of brilliance
 v - a potion of degeneration {unknown}
 x - a potion of mutation {unknown}


   Skills:
 + Level 3.3 Fighting
 + Level 4.1 Dodging
 + Level 4.9 Stealth
 + Level 5.0 Evocations


You had 5 spell levels left.
You didn't know any spells.
Your spell library was empty.

Dungeon Overview and Level Annotations

Branches:
Dungeon (5/15)
 Temple: D:4-7

Altars:
Kikubaaqudgha
Ru
Vehumet
Wu Jian

Annotations:
D:2 Sigmund
D:3 Robin


Innate Abilities, Weirdness & Mutations

You cannot wear most types of armour.
You are very stealthy in the water. (Stealth+)
You are amphibious.
You can wear up to eight rings at the same time.
You can use your tentacles to constrict eight enemies at once.
Your skin changes colour to match your surroundings (Stealth+).
Your rubbery body absorbs attacks. (AC +1, EV +1)


Message History

The phantom blinks!
You barely miss the phantom. The phantom completely misses you.
You hit the phantom. You burn the phantom. The phantom hits you.
You hit the phantom. You burn the phantom. You squeeze the phantom!
The phantom hits you.
You are too injured to fight recklessly!
You are too injured to fight recklessly!
You are too injured to fight recklessly!
You are too injured to fight recklessly!
You are too injured to fight recklessly!
You are too injured to fight recklessly!
You hit the phantom. You burn the phantom. The phantom barely misses you.
You closely miss the phantom. You squeeze the phantom. The phantom hits you.
You closely miss the phantom. The phantom barely misses you.
You barely miss the phantom. The phantom hits you. The phantom hits you!
* * * LOW HITPOINT WARNING * * *
You barely miss the phantom. You squeeze the phantom. The phantom hits you.
* * * LOW HITPOINT WARNING * * *
You hit the phantom but do no damage. The phantom hits you!
You die...

......... # #........
.##........ ..####
.......... ###.....
######.....l...
##......##.#..............
##........#.#..............
#...........#.W@...........
#".........................
#...................)......
.o...../>........!.........
............##.#)###....!..
........<.####.#.###.......
...........# #.....>.......
#..........# ##............
#..........#
#................#


You could see a phantom.

Vanquished Creatures
  A phantom (D:3)
  An ogre (D:4)
  Natasha (D:3)
  A worker ant (D:4)
  8 gnolls
  3 adders
  A worm (D:2)
  2 dart slugs
  2 leopard geckos (D:1)
  3 orcs
  2 ball pythons
  7 bats
  3 giant cockroaches
  10 goblins
  6 hobgoblins
  5 jackals (D:3)
  5 kobolds
  3 quokkas
  A jackal skeleton (D:4)
  10 rats
75 creatures vanquished.

Vanquished Creatures (others)
  12 withered plants (D:3)
12 creatures vanquished.

Grand Total: 87 creatures vanquished

Notes
Turn   | Place    | Note
-------+----------+-------------------------------------------
     0 | D:1      | 112233 the Octopode Artificer began the quest for the Orb.
     0 | D:1      | Reached XP level 1. HP: 13/13 MP: 1/1
   191 | D:1      | Reached XP level 2. HP: 18/18 MP: 2/2
   564 | D:1      | Reached XP level 3. HP: 23/23 MP: 3/3
  1052 | D:2      | Found a sacrificial altar of Ru.
  1233 | D:2      | Found a radiant altar of Vehumet.
  1233 | D:2      | Noticed Sigmund
  1248 | D:2      | Reached XP level 4. HP: 29/29 MP: 4/4
  1255 | D:2      | Reached skill level 4 in Evocations
  1406 | D:3      | Noticed a phantom
  1615 | D:2      | Found an ornate altar of the Wu Jian Council.
  1988 | D:3      | Killed a phantom
  1989 | D:3      | Reached XP level 5. HP: 5/35 MP: 5/5
  2277 | D:3      | Found an ancient bone altar of Kikubaaqudgha.
  2284 | D:3      | Noticed Robin
  2750 | D:3      | Noticed Natasha
  2756 | D:3      | Killed Natasha
  2757 | D:3      | Reached XP level 6. HP: 41/41 MP: 6/6
  2815 | D:3      | Noticed a moth of wrath
  2923 | D:5      | Entered Level 5 of the Dungeon
  3736 | D:4      | Reached skill level 5 in Evocations
  3748 | D:4      | Noticed a phantom
  3769 | D:4      | HP: 2/42 [phantom (6)]
  3770 | D:4      | Mangled by a phantom

Illustrated notes

Levels and vault maps discovered:
D:1:      ncdulo_lavacross, layout_loops_cross
D:2:      layout_rooms, vehumet_crystals, old_standard_altar,
          lemuel_doored_altar, serial_rivers, chequers_serial_rivers_room_a,
          chequers_serial_rivers_micro_b, chequers_serial_rivers_large_b,
          chequers_serial_rivers_micro_c, minmay_heptomino_d4, uniq_sigmund
D:3:      layout_loops_ring, tgw_trog, kiku_gazebo_garden_becter, uniq_robin,
          uniq_natasha
D:4:      layout_rooms, kennysheep_generic_room_10
D:5:      minmay_clustersquares, layout_loops_cross, fedhas_altar_2

Skill      XL: |  1  2  3  4  5  6 |
---------------+-------------------+-----
Stealth        | 2 4 |  4.9
Fighting       | 2 3 |  3.3
Dodging        | 3 4 |  4.1
Evocations     | 4 5 |  5.0

Action                   |  1- 3 |  4- 6 || total
-------------------------+-------+-------++-------
Melee: Club              |    20 |       ||    20
       Constrict         |    15 |    22 ||    37
       Tentacles         |    11 |    28 ||    39
       Short sword       |     7 |       ||     7
       Dagger            |    27 |   100 ||   127
       Spear             |       |    10 ||    10
Evoke: Wand              |     3 |    10 ||    13
  Use: Scroll            |       |     5 ||     5
 Stab: Sleeping          |     9 |    10 ||    19
       Distracted        |       |     1 ||     1
Armor: Skin              |     7 |     5 ||    12
Dodge: Dodged            |    41 |    68 ||   109
